 Dungeon Crawl Stone Soup version 0.28-a0-1213-g0243856f03 (webtiles) character file.

Game seed: 17320023583663778038

18859 kipponium the Slicer (level 12, -2/97 HPs)
             Began as a Gnoll Cinder Acolyte on Dec 21, 2021.
             Was an Initiate of Ignis.
             Slain by a yak (11 damage)
             ... on level 1 of the Lair of Beasts.
             The game lasted 00:53:41 (19396 turns).

kipponium the Slicer (Gnoll Cinder Acolyte)        Turns: 19396, Time: 00:53:42

Health: -2/97      AC:  8    Str: 19    XL:     12   Next: 62%
Magic:  2/24       EV: 13    Int: 20    God:    Ignis [......]
Gold:   456        SH:  0    Dex:  9    Spells: 12/27 levels left

rFire   + . .      SeeInvis .   b - +0 dagger (elec)
rCold   . . .      Faith    .   (no shield)
rNeg    + . .      Spirit   .   Q - +1 leather armour of Submission {Str+3 Int+3}
rPois   .          Reflect  .   y - +2 helmet of the Bulwark {rN+ Str+2}
rElec   .          Harm     .   (no cloak)
rCorr   .          Rampage  .   (no gloves)
Will    .....                   (no boots)
Stlth   +++.......              (no amulet)
HPRegen 0.26/turn               (no ring)
MPRegen 0.19/turn               (no ring)

@: brilliant
A: fangs 1, strong nose, distributed training
a: Renounce Religion, Rising Flame


You were on level 1 of the Lair of Beasts.
You worshipped Ignis.
Ignis was noncommittal.
You visited 3 branches of the dungeon, and saw 14 of its levels.

You collected 672 gold pieces.
You spent 216 gold pieces at shops.

Inventory:

Hand Weapons
 b - a +0 dagger of electrocution (weapon)
 d - a +3 long sword of holy wrath
 j - a +2 whip of electrocution
 l - a +1 scimitar of flaming
 v - a +3 dagger
Missiles
 I - 38 poisoned darts (quivered)
Armour
 y - the +2 helmet of the Bulwark (worn) {rN+ Str+2}
   (You found it on level 5 of the Dungeon)

   Str:       It affects your strength (+2).
   rN:        It protects you from negative energy.
 F - a +2 robe of willpower
 N - +0 acid dragon scales
 Q - the +1 leather armour of Submission (worn) {Str+3 Int+3}
   (You found it on level 9 of the Dungeon)

   Str:       It affects your strength (+3).
   Int:       It affects your intelligence (+3).
Jewellery
 u - a ring of ice
Wands
 q - a wand of polymorph (5)
 w - a wand of mindburst (10)
 x - a wand of paralysis (13)
 C - a wand of flame (58)
 S - a wand of acid (4)
Scrolls
 c - a scroll of blinking
 e - 3 scrolls of teleportation
 h - a scroll of fog
 i - 3 scrolls of silence
 k - a scroll of magic mapping {unknown}
 n - a scroll of enchant armour
 p - 2 scrolls of acquirement {unknown}
 t - 2 scrolls of fear {unknown}
 A - a scroll of summoning {unknown}
 G - a scroll of noise {unknown}
 K - a scroll of torment {unknown}
 M - 3 scrolls of amnesia {unknown}
 O - a scroll of brand weapon {unknown}
Potions
 a - a potion of heal wounds
 f - 2 potions of might {unknown}
 g - 5 potions of attraction
 m - 3 potions of brilliance
 o - a potion of haste
 r - 4 potions of degeneration {unknown}
 s - a potion of cancellation
 z - 2 potions of flight
 D - a potion of lignification
 H - 2 potions of berserk rage {unknown}
 J - 3 potions of invisibility {unknown}
 L - 2 potions of mutation {unknown}
 P - 2 potions of curing


   Skills:
 + Level 10.0 Fighting
 + Level 10.0 Short Blades
 + Level 7.4 Long Blades
 + Level 7.4 Axes
 + Level 7.4 Maces & Flails
 + Level 7.4 Polearms
 + Level 7.4 Staves
 + Level 7.4 Slings
 + Level 7.4 Bows
 + Level 7.4 Crossbows
 + Level 7.4 Throwing
 + Level 7.4 Armour
 + Level 7.4 Dodging
 + Level 7.4 Stealth
 + Level 7.4 Shields
 + Level 7.4 Unarmed Combat
 + Level 8.0 Spellcasting
 + Level 6.2 Conjurations
 + Level 6.2 Hexes
 + Level 6.2 Summonings
 + Level 6.2 Necromancy
 + Level 6.2 Translocations
 + Level 6.2 Transmutations
 + Level 8.4 Fire Magic
 + Level 6.2 Ice Magic
 + Level 6.2 Air Magic
 + Level 6.2 Earth Magic
 + Level 6.2 Poison Magic
 + Level 8.2 Invocations
 + Level 7.4 Evocations


You had 12 spell levels left.
You knew the following spells:

 Your Spells              Type           Power      Damage    Failure   Level
a - Scorch                Fire           100%       2d10      1%          2
b - Tukima's Dance        Hex            49%        N/A       2%          3
c - Swiftness             Air            49%        N/A       2%          3
d - Passwall              Tmut/Erth      40%        N/A       1%          2
e - Yara's Violent Unrav  Hex/Tmut       24%        3d11      22%         5

Your spell library contained the following spells:

 Spells                   Type           Power      Damage    Failure   Level
 Sublimation of Blood     Necr           49%        N/A       1%          2
 Stone Arrow              Conj/Erth      98%        3d13      2%          3
 Animate Armour           Summ/Erth      98%        N/A       8%          4
 Passage of Golubria      Tloc           49%        N/A       8%          4
 Lehudib's Crystal Spear  Conj/Erth      24%        10d7      100%        8


Dungeon Overview and Level Annotations

Branches:
Dungeon (12/15)            Temple (0/1) D:6            Lair (1/6) D:10
    Orc (1/2) D:9

Altars:
Dithmenos
Hepliaklqana
Makhleb
Nemelex Xobeh
Okawaru
Sif Muna
Trog
Uskayaw
Vehumet
Xom
Yredelemnul
Zin
Beogh
Jiyva

Shops:
D:2 ?   D:3 [   D:5 !   D:7 [

Annotations:
D:10 3 runed translucent doors, ma3's ghost, novice DrTm


Innate Abilities, Weirdness & Mutations

You have very sharp teeth.
Your uncanny sense of smell can sniff out nearby items.
Your experience applies equally to all skills.


Message History

The yak's fire resistance burns away.
The yak gores you but does no damage.
Casting: Scorch (safe; 1% risk of failure)
Confirm with . or Enter, or press ? or * to list all spells.
You feel a surge of power!
Flames lash the yak but do no damage.
The yak gores you!
* * * LOW HITPOINT WARNING * * *
Casting: Scorch (safe; 1% risk of failure)
Confirm with . or Enter, or press ? or * to list all spells.
You feel a surge of power!
Flames lash the yak.
The yak is burned terribly!
The yak is severely wounded.
The yak gores you but does no damage.
Casting: Scorch (safe; 1% risk of failure)
Confirm with . or Enter, or press ? or * to list all spells.
You feel a surge of power!
Flames lash the yak.
The yak is burned terribly!
The yak is heavily wounded.
The yak gores you.
* * * LOW HITPOINT WARNING * * *
Casting: Scorch (safe; 1% risk of failure)
Confirm with . or Enter, or press ? or * to list all spells.
You feel a surge of power!
Flames lash the yak.
The yak is burned terribly!
You kill the yak!
The yak is no longer more vulnerable to fire.
Casting: Scorch (safe; 1% risk of failure)
Confirm with . or Enter, or press ? or * to list all spells.
You feel a surge of power!
Flames lash the yak but do no damage.
The yak gores you.
* * * LOW HITPOINT WARNING * * *
Casting: Scorch (safe; 1% risk of failure)
Confirm with . or Enter, or press ? or * to list all spells.
You feel a surge of power!
Flames lash the yak.
The yak is severely wounded.
The yak's fire resistance burns away.
You feel less wooden.
The +2 helmet of the Bulwark {rN+ Str+2} unmelds from your body.
The +1 leather armour of Submission {Str+3 Int+3} unmelds from your body.
The yak closely misses you.
You barely miss the yak.
The yak is severely wounded.
The yak gores you!
You die...

#...# ##....## #...#
#....P# #...# #Y...##
####...# #....#
####..#...## #....#
...........# #...<#
..........## #....#
..........###########....#
.............).(@Y.......#
#######################.##
###


You could see a yak (combustible).

Vanquished Creatures
  Harold (D:7)
  Erica (D:7)
  3 hydras
  3 two-headed ogres
  Pikel (D:5)
  2 cyclopes
  An unseen horror (D:11)
  2 komodo dragons (Lair:1)
  A troll (D:8)
  Prince Ribbit (D:7)
  3 blink frogs (Lair:1)
  4 shadows
  A vampire (D:11)
  7 wyverns
  Grum (D:9)
  A basilisk (D:11)
  22 yaks
  2 steam dragons
  3 wargs (D:9)
  4 water moccasins
  An acid dragon (D:9)
  An ice beast (D:7)
  A black bear (D:6)
  7 orc warriors
  2 sky beasts
  A necrophage (D:4)
  2 ogres
  2 wolves (D:9)
  4 centaurs
  A lemure (D:5)
  2 phantoms (D:4)
  2 bullfrogs
  A gnoll sergeant (D:9)
  A scorpion (D:7)
  A water moccasin zombie (D:5)
  A wyvern skeleton (D:7)
  3 water moccasin skeletons (D:5)
  3 killer bees (D:9)
  13 wights
  3 centaur zombies
  A bullfrog zombie (D:5)
  2 hounds
  2 jellies
  3 orc priests
  A centaur skeleton (D:7)
  A gnoll shaman (D:7)
  11 orc wizards
  2 iguanas
  Robin (D:4)
  11 adders
  7 gnolls
  2 white imps
  2 ufetubi
  3 adder skeletons (D:4)
  A dart slug (D:3)
  3 worms
  33 orcs
  9 endoplasms
  3 giant cockroaches
  21 goblins
  18 hobgoblins
  4 quokkas
  4 ball pythons
  4 bats
  6 frilled lizards
  12 kobolds
  9 rats
292 creatures vanquished.

Vanquished Creatures (collateral kills)
  A warg (D:9)
  An orc warrior (D:7)
  2 wights (D:9)
  2 orc priests (D:7)
  3 orc wizards
  3 orcs
12 creatures vanquished.

Vanquished Creatures (others)
  2 yaks (Lair:1)
  A dancing weapon (D:9)
  A wolf (D:9)
  A wight (D:9)
  An orc wizard (D:7)
  A kobold (D:3)
  A bush (D:10)
  83 foxfires
  12 fungi
  72 plants
175 creatures vanquished.

Grand Total: 479 creatures vanquished

Notes
Turn   | Place    | Note
-------+----------+-------------------------------------------
     0 | D:1      | kipponium the Gnoll Cinder Acolyte began the quest for the
                  | Orb.
     0 | D:1      | Reached XP level 1. HP: 23/23 MP: 4/4
    54 | D:1      | HP: 1/23 [endoplasm (2)]
    60 | D:1      | Reached XP level 2. HP: 2/29 MP: 5/5
   360 | D:1      | Learned a level 2 spell: Scorch
   714 | D:1      | Reached XP level 3. HP: 34/35 MP: 4/7
  1186 | D:2      | Reached skill level 1 in Invocations
  1433 | D:2      | Reached skill level 1 in Long Blades
  1433 | D:2      | Reached skill level 1 in Axes
  1433 | D:2      | Reached skill level 1 in Maces & Flails
  1433 | D:2      | Reached skill level 1 in Polearms
  1433 | D:2      | Reached skill level 1 in Staves
  1433 | D:2      | Reached skill level 1 in Slings
  1433 | D:2      | Reached skill level 1 in Bows
  1433 | D:2      | Reached skill level 1 in Crossbows
  1433 | D:2      | Reached skill level 1 in Throwing
  1433 | D:2      | Reached skill level 1 in Armour
  1433 | D:2      | Reached skill level 1 in Dodging
  1433 | D:2      | Reached skill level 1 in Stealth
  1433 | D:2      | Reached skill level 1 in Shields
  1433 | D:2      | Reached skill level 1 in Unarmed Combat
  1433 | D:2      | Reached skill level 1 in Evocations
  1556 | D:2      | Reached XP level 4. HP: 41/41 MP: 1/8
  1689 | D:2      | Found Xigekosch's Magic Scroll Boutique.
  1907 | D:2      | Found a faded altar of an unknown god.
  2143 | D:3      | Noticed an angel
  2145 | D:3      | Found a glowing silver altar of Zin.
  2145 | D:3      | Found a shimmering altar of Xom.
  2147 | D:3      | Found Beiptusi's Armour Boutique.
  2240 | D:3      | Found a sparkling altar of Nemelex Xobeh.
  2254 | D:3      | Reached skill level 1 in Conjurations
  2254 | D:3      | Reached skill level 1 in Hexes
  2254 | D:3      | Reached skill level 1 in Summonings
  2254 | D:3      | Reached skill level 1 in Necromancy
  2254 | D:3      | Reached skill level 1 in Translocations
  2254 | D:3      | Reached skill level 1 in Transmutations
  2254 | D:3      | Reached skill level 1 in Ice Magic
  2254 | D:3      | Reached skill level 1 in Air Magic
  2254 | D:3      | Reached skill level 1 in Earth Magic
  2254 | D:3      | Reached skill level 1 in Poison Magic
  2547 | D:3      | Reached XP level 5. HP: 47/47 MP: 6/9
  4154 | D:4      | Noticed a phantom
  4164 | D:4      | Killed a phantom
  4165 | D:4      | Reached XP level 6. HP: 28/53 MP: 1/11
  4365 | D:4      | Found a shadowy altar of Dithmenos.
  4365 | D:4      | Noticed Robin
  4373 | D:4      | Found a hazy altar of Hepliaklqana.
  4377 | D:4      | Killed Robin
  4379 | D:4      | Noticed a shadow
  4696 | D:4      | Noticed an orc warrior
  4697 | D:4      | Found a bloodstained altar of Trog.
  4702 | D:4      | Killed an orc warrior
  4703 | D:4      | Reached XP level 7. HP: 59/59 MP: 5/12
  4801 | D:4      | Found a shimmering blue altar of Sif Muna.
  4805 | D:4      | Got Sif Muna's Guide on Sinister Magic
  5133 | D:5      | Entered Level 5 of the Dungeon
  5249 | D:5      | Identified the +2 helmet of the Bulwark {rN+ Str+2}
  5312 | D:5      | Found a hide-covered altar of Uskayaw.
  5647 | D:5      | Reached XP level 8. HP: 16/66 MP: 1/14
  5997 | D:5      | Noticed Pikel
  6008 | D:5      | Killed Pikel
  6053 | D:5      | Found Coval's Distillery.
  6073 | D:5      | Bought a potion of curing for 36 gold pieces
  6073 | D:5      | Bought a potion of brilliance for 48 gold pieces
  6073 | D:5      | Bought a potion of attraction for 36 gold pieces
  6073 | D:5      | Bought a potion of heal wounds for 60 gold pieces
  6073 | D:5      | Bought a potion of flight for 36 gold pieces
  6863 | D:6      | Reached XP level 9. HP: 72/72 MP: 4/16
  7189 | D:6      | Found an iron altar of Okawaru.
  7257 | D:6      | Reached skill level 5 in Spellcasting
  7730 | D:6      | Found a staircase to the Ecumenical Temple.
  8154 | D:7      | Found Wucsoigh's Antique Armour Boutique.
  8359 | D:7      | Found a burning altar of Makhleb.
  8583 | D:7      | Found a basalt altar of Yredelemnul.
  8713 | D:7      | Found a transporter.
  8714 | D:7      | Found a transporter.
  8745 | D:7      | Reached skill level 5 in Invocations
  9207 | D:7      | Learned a level 3 spell: Tukima's Dance
  9771 | D:8      | Noticed Erica
  9797 | D:7      | Reached XP level 10. HP: 80/80 MP: 13/18
  9872 | D:7      | Reached skill level 5 in Long Blades
  9872 | D:7      | Reached skill level 5 in Axes
  9872 | D:7      | Reached skill level 5 in Maces & Flails
  9872 | D:7      | Reached skill level 5 in Polearms
  9872 | D:7      | Reached skill level 5 in Staves
  9872 | D:7      | Reached skill level 5 in Slings
  9872 | D:7      | Reached skill level 5 in Bows
  9872 | D:7      | Reached skill level 5 in Crossbows
  9872 | D:7      | Reached skill level 5 in Throwing
  9872 | D:7      | Reached skill level 5 in Armour
  9872 | D:7      | Reached skill level 5 in Dodging
  9872 | D:7      | Reached skill level 5 in Stealth
  9872 | D:7      | Reached skill level 5 in Shields
  9872 | D:7      | Reached skill level 5 in Unarmed Combat
  9872 | D:7      | Reached skill level 5 in Evocations
  9962 | D:8      | Noticed Harold
  9962 | D:8      | Noticed Prince Ribbit
 10665 | D:7      | Killed Erica
 11081 | D:7      | HP: 3/82 [yak (9)]
 11509 | D:7      | Killed Harold
 12179 | D:7      | Killed Prince Ribbit
 12742 | D:8      | Found a radiant altar of Vehumet.
 13043 | D:8      | Reached XP level 11. HP: 87/87 MP: 20/20
 13546 | D:9      | Noticed Grum
 13563 | D:9      | Killed Grum
 13581 | D:9      | Reached skill level 5 in Conjurations
 13581 | D:9      | Reached skill level 5 in Hexes
 13581 | D:9      | Reached skill level 5 in Summonings
 13581 | D:9      | Reached skill level 5 in Necromancy
 13581 | D:9      | Reached skill level 5 in Translocations
 13581 | D:9      | Reached skill level 5 in Transmutations
 13581 | D:9      | Reached skill level 5 in Ice Magic
 13581 | D:9      | Reached skill level 5 in Air Magic
 13581 | D:9      | Reached skill level 5 in Earth Magic
 13581 | D:9      | Reached skill level 5 in Poison Magic
 13797 | D:9      | Noticed a two-headed ogre
 13845 | D:9      | Killed a two-headed ogre
 14353 | D:9      | Identified the +1 leather armour of Submission {Str+3
                  | Int+3}
 15125 | D:9      | Found a staircase to the Orcish Mines.
 15136 | Orc:1    | Entered Level 1 of the Orcish Mines
 15136 | Orc:1    | Noticed a cyclops
 15387 | D:10     | Entered Level 10 of the Dungeon
 15671 | D:10     | Found a runed translucent gate.
 15672 | D:10     | Found a runed translucent gate.
 15673 | D:10     | Found a runed translucent gate.
 15676 | D:10     | Found a viscous altar of Jiyva.
 15676 | D:10     | Noticed a great orb of eyes
 15676 | D:10     | Noticed ma3's ghost (novice DrTm)
 15793 | D:10     | Found a staircase to the Lair.
 16058 | D:10     | Learned a level 3 spell: Swiftness
 16061 | D:10     | Learned a level 2 spell: Passwall
 16528 | D:10     | Noticed a two-headed ogre
 16557 | D:10     | Killed a two-headed ogre
 16966 | D:10     | Noticed a two-headed ogre
 17005 | D:10     | Killed a two-headed ogre
 17420 | D:11     | Reached XP level 12. HP: 78/96 MP: 13/23
 18230 | D:12     | Noticed a four-headed hydra
 18240 | D:12     | Killed a two-headed hydra
 18376 | D:12     | Noticed an ettin
 18446 | Lair:1   | Entered Level 1 of the Lair of Beasts
 18453 | Lair:1   | Learned a level 5 spell: Yara's Violent Unravelling
 18468 | Lair:1   | Noticed a six-headed hydra
 18486 | Lair:1   | Killed a two-headed hydra
 19352 | Lair:1   | Noticed a six-headed hydra
 19379 | Lair:1   | Killed a six-headed hydra
 19380 | Lair:1   | Reached skill level 10 in Fighting
 19380 | Lair:1   | Reached skill level 10 in Short Blades
 19396 | Lair:1   | Slain by a yak

Illustrated notes

Levels and vault maps discovered:
D:1:      dpeg_arrival_round_a, layout_rooms, minivault_26
D:2:      layout_loops_cross, serial_shops, nicolae_shop_behind_doors,
          dreamdust_ecumenical_altar_hidden_monk_grotto
D:3:      layout_loops_ring, grunt_temple_overflow_order_and_chaos_1,
          mainiacjoe_overflow_boulevard, serial_shops, shop_statue,
          grunt_decor_junction, chequers_serial_rivers_micro_b,
          minmay_joined_circles
D:4:      layout_loops_corners, riverfiend_overflow_shadow_ancestor,
          nzn_overflow_gifts_of_might_and_magic, uniq_robin
D:5:      layout_loops_ring, mainiacjoe_overflow_brackets, serial_shops,
          nicolae_square_shop, uniq_pikel
D:6:      layout_basic, okawaru_trees_2, minmay_temple_entry_enclosed_plants,
          serial_bayou_pond_c
D:7:      gammafunk_beogh_shrine, layout_loops_corners, kennysheep_mini_moat,
          amcnicky_altar_gilded, serial_shops, shop
D:8:      corexii_shack_village, layout_rooms, kennysheep_mini, uniq_harold,
          uniq_prince_ribbit1, uniq_erica
D:9:      layout_roguey, minmay_orc_entry_guard_dogs, uniq_grum
D:10:     layout_basic, minmay_lair_entry_grove, gammafunk_ghost_ooze
D:11:     layout_roguey
D:12:     nzn_winding_woodlands_large [nzn_winding_woodlands_5x5_default,
          nzn_winding_woodlands_5x15_crooked,
          nzn_winding_woodlands_5x5_closed_star,
          nzn_winding_woodlands_center_garden,
          nzn_winding_woodlands_15x15_five_gardens,
          nzn_winding_woodlands_center_lodge, nzn_winding_woodlands_hourglass,
          nzn_winding_woodlands_5x15_default,
          nzn_winding_woodlands_5x5_checkerboard], layout_irregular_city,
          nicolae_trove_entry_crossroad
Lair:1:   layout_chaotic_city
Orc:1:    layout_caves

Skill      XL: |  1  2  3  4  5  6  7  8  9 10 11 12 |
---------------+-------------------------------------+-----
Invocations    | 1 2 3 4 5 6 7 8 |  8.2
Long Blades    | 1 2 3 4 5 6 7 |  7.4
Axes           | 1 2 3 4 5 6 7 |  7.4
Maces & Flails | 1 2 3 4 5 6 7 |  7.4
Polearms       | 1 2 3 4 5 6 7 |  7.4
Staves         | 1 2 3 4 5 6 7 |  7.4
Slings         | 1 2 3 4 5 6 7 |  7.4
Bows           | 1 2 3 4 5 6 7 |  7.4
Crossbows      | 1 2 3 4 5 6 7 |  7.4
Throwing       | 1 2 3 4 5 6 7 |  7.4
Armour         | 1 2 3 4 5 6 7 |  7.4
Dodging        | 1 2 3 4 5 6 7 |  7.4
Stealth        | 1 2 3 4 5 6 7 |  7.4
Shields        | 1 2 3 4 5 6 7 |  7.4
Unarmed Combat | 1 2 3 4 5 6 7 |  7.4
Evocations     | 1 2 3 4 5 6 7 |  7.4
Spellcasting   | 3 4 5 6 7 8 |  8.0
Conjurations   | 1 2 3 4 5 6 |  6.2
Hexes          | 1 2 3 4 5 6 |  6.2
Summonings     | 1 2 3 4 5 6 |  6.2
Necromancy     | 1 2 3 4 5 6 |  6.2
Translocations | 1 2 3 4 5 6 |  6.2
Transmutations | 1 2 3 4 5 6 |  6.2
Ice Magic      | 1 2 3 4 5 6 |  6.2
Air Magic      | 1 2 3 4 5 6 |  6.2
Earth Magic    | 1 2 3 4 5 6 |  6.2
Poison Magic   | 1 2 3 4 5 6 |  6.2
Fighting       | 7 8 9 10 | 10.0
Short Blades   | 7 8 9 10 | 10.0
Fire Magic     | 6 7 8 |  8.4

Action                   |  1- 3 |  4- 6 |  7- 9 | 10-12 || total
-------------------------+-------+-------+-------+-------++-------
Melee: Short sword       |    72 |    70 |       |       ||   142
       Bite              |     3 |     6 |    10 |     5 ||    24
       Punch             |       |     1 |     3 |     4 ||     8
       Dagger            |       |     2 |    78 |   121 ||   201
       Scimitar          |       |       |       |     8 ||     8
Throw: Dart              |       |       |    14 |    77 ||    91
 Cast: Scorch            |    20 |    63 |   116 |   306 ||   505
       Tukima's Dance    |       |       |     1 |     4 ||     5
Invok: Foxfire Swarm     |       |     2 |     2 |     2 ||     6
       Fiery Armour      |       |     1 |     2 |     1 ||     4
Evoke: Wand              |       |       |    21 |    28 ||    49
  Use: Potion            |       |       |     2 |     7 ||     9
       Scroll            |       |       |       |    11 ||    11
 Stab: Sleeping          |       |       |     4 |     8 ||    12
       Paralysed         |       |       |       |     4 ||     4
       Distracted        |       |       |       |     1 ||     1
Armor: Robe              |    13 |    17 |    46 |    36 ||   112
       Leather armour    |       |       |       |    44 ||    44
       Acid dragon scale |       |       |       |    11 ||    11
       Skin              |       |       |       |    30 ||    30
Dodge: Dodged            |    27 |    29 |    88 |   174 ||   318

Table legend: (Time is in decaauts)
 A = Elapsed time spent in this place.
 B = Non-inter-level travel time spent in this place.
 C = Inter-level travel time spent in this place.
 D = Time resting spent in this place.
 E = Time spent auto-exploring this place.
 F = Levels seen in this place.
 G = Mean time per level.
                   A        B        C        D        E       F      G
               +--------+--------+--------+--------+--------+-----+--------+
         Total |  19267 |  18583 |    684 |   8682 |   6897 |  14 | 1376.2 |
       Dungeon |  18311 |  17628 |    683 |   8161 |   6732 |  12 | 1525.9 |
          Lair |    931 |    931 |      0 |    521 |    165 |   1 |  931.0 |
  Orcish Mines |     23 |     23 |      0 |      0 |      0 |   1 |   23.0 |
               +--------+--------+--------+--------+--------+-----+--------+

Top non-repeatable levels by time:
     D:7: 4539 daAuts
     D:9: 2146 daAuts
    D:10: 1872 daAuts
     D:4: 1644 daAuts
     D:6: 1610 daAuts
     D:3: 1346 daAuts
     D:5: 1143 daAuts
     D:2: 1086 daAuts
     D:1: 1022 daAuts
  Lair:1: 931 daAuts
    D:11: 823 daAuts
     D:8: 726 daAuts
    D:12: 349 daAuts
   Orc:1: 23 daAuts
